 Dungeon Crawl Stone Soup version 0.29.1-12-g30fa7ad0bf (webtiles) character file.

Game seed: 6930108240625650011

380 FexLirch the Summoner (level 6, -5/24 HPs)
             Began as a Felid Summoner on Dec 16, 2022.
             Killed by divine providence
             ... invoked by an orc priest
              (14 damage)
             ... on level 6 of the Dungeon on Dec 17, 2022.
             The game lasted 00:39:05 (7552 turns).

FexLirch the Summoner (Felid Summoner)              Turns: 7552, Time: 00:39:07

Health: -5/24      AC:  2    Str:  4    XL:     6   Next: 46%
Magic:  11/11      EV: 18    Int: 18    God:
Gold:   331        SH:  0    Dex: 17    Spells: 2/11 levels left
                                        Lives:  0   Deaths: 2

rFire   . . .      SeeInvis +   (weapon unavailable)
rCold   . . .      Faith    .   (shield unavailable)
rNeg    . . .      Spirit   .   (body armour unavailable)
rPois   .          Reflect  .   (helmet unavailable)
rElec   .          Harm     .   (cloak unavailable)
rCorr   .          Rampage  .   (gloves unavailable)
Will    .....                   (boots unavailable)
Stlth   ++........              (no amulet)
HPRegen 0.08/turn               (no ring)
MPRegen 0.12/turn               (no ring)

@: quick
A: very small, claws 1, fangs 3, see invisible, speed 1, shaggy fur 2, stealthy
paws, no weapons or thrown items, no armour, multi-lived
a: no special abilities


You were on level 6 of the Dungeon.
You visited 1 branch of the dungeon, and saw 6 of its levels.
You also visited: Ossuary.

You collected 331 gold pieces.

Inventory:

Jewellery
 j - an amulet of regeneration
Wands
 f - a wand of flame (20)
Scrolls
 d - a scroll of summoning {unknown}
 e - a scroll of poison {unknown}
 g - 4 scrolls of fear {unknown}
 h - 2 scrolls of teleportation
 l - 2 scrolls of enchant weapon {unknown}
 m - a scroll of vulnerability
 n - a scroll of immolation {unknown}
 p - 2 scrolls of fog {unknown}
 r - 5 scrolls of magic mapping {unknown}
Potions
 a - 3 potions of magic
 b - a potion of might
 k - a potion of resistance
 o - 2 potions of haste
 q - a potion of mutation {unknown}


   Skills:
 - Level 3.0 Dodging
 - Level 3.0 Stealth
 + Level 3.0 Spellcasting
 + Level 5.5 Hexes
 * Level 9.7 Summonings
 + Level 1.8 Air Magic


You had 2 spell levels left.
You knew the following spells:

 Your Spells              Type           Power      Damage    Failure   Level
a - Summon Small Mammal   Summ           100%       N/A       1%          1
b - Call Imp              Summ           37%        N/A       1%          2
c - Call Canine Familiar  Summ           37%        N/A       1%          3
d - Summon Guardian Gole  Hex/Summ       30%        N/A       2%          3

Your spell library contained the following spells:

 Spells                   Type           Power      Damage    Failure   Level
 Summon Lightning Spire   Summ/Air       23%        N/A       16%         4
 Leda's Liquefaction      Hex/Erth       6%         N/A       45%         4
 Portal Projectile        Hex/Tloc       Unusable   N/A       N/A         3

Dungeon Overview and Level Annotations

Branches:
Dungeon (6/15)            Ossuary (visited)
 Temple: D:4-7

Altars:
Fedhas

Shops:
D:4 *

Annotations:
D:3 1 runed translucent door, cheesebisquit's ghost, amateur MiBe
D:4 2 transporters


Innate Abilities, Weirdness & Mutations

You have sharp claws.
You have razor-sharp teeth.
You have supernaturally acute eyesight. (SInv)
You cover ground quickly. (Speed+)
You are covered in thick fur. (AC +2)
Your paws help you pounce on unaware monsters.
You are incapable of wielding weapons or throwing items.
You cannot wear armour.
You gain extra lives every three experience levels.


Message History

The arrow barely misses the orc.
The arrow hits you!
You die...
You are now level 6!
You rejoin the land of the living...
An orc priest comes into view. It is wielding a +0 dagger.
Found a stone staircase leading down.
You scratch the orc priest.
The orc priest is lightly wounded.
The orc priest closely misses you.
You scratch the orc priest but do no damage.
The orc priest is lightly wounded.
The orc priest mumbles some strange prayers to Beogh against you.
Beogh smites you!
You barely miss the orc priest.
The orc priest is lightly wounded.
The orc priest hits you with a +0 dagger.
You scratch the orc priest.
The orc priest is moderately wounded.
The orc priest invokes the aid of Beogh against you.
You resist with significant effort.
You scratch the orc priest. Your bite misses the orc priest.
The orc priest is heavily wounded.
The orc priest hits you with a +0 dagger.
You barely miss the orc priest.
The orc priest is heavily wounded.
The orc priest hits you but does no damage.
You scratch the orc priest.
The orc priest is heavily wounded.
The orc priest completely misses you.
You scratch the orc priest but do no damage.
You bite the orc priest.
The orc priest is severely wounded.
The orc priest closely misses you.
You scratch the orc priest but do no damage.
You bite the orc priest.
The orc priest is almost dead.
The orc priest mumbles some strange prayers to Beogh against you.
Beogh smites you!
Ouch! That really hurt!
You die...

###############
>.............#
#.#####..#####.#
.......@.....#
#..#..o..###.#
#.......
#.......#
.........#
..#.......#
...........#
....##..####


You could see an orc priest.

Vanquished Creatures
  An iguana (D:5)
  A dart slug (D:1)
  2 orcs
  A bat (D:3)
  An endoplasm (D:2)
  3 goblins (D:2)
  2 hobgoblins
  A kobold (D:3)
  2 quokkas
  A ball python (D:3)
  3 rats
18 creatures vanquished.

Vanquished Creatures (collateral kills)
  Edmund (D:4)
  A water moccasin (D:5)
  An ogre (D:5)
  A phantom (D:5)
  2 bullfrogs
  2 scorpions (D:5)
  A centaur zombie (Ossuary)
  2 jellies (D:4)
  An orc priest (D:4)
  3 iguanas
  An orc wizard (D:5)
  2 mummies
  10 adders
  A shadow imp (D:6)
  A white imp (D:5)
  An ufetubus (D:4)
  A dart slug (D:5)
  7 orcs
  6 ball pythons
  5 endoplasms
  3 giant cockroaches
  4 hobgoblins
  8 kobolds
  4 quokkas
  A bat (D:1)
  A frilled lizard (D:1)
  8 goblins
  2 rats
81 creatures vanquished.

Vanquished Creatures (others)
  A centaur (D:5)
  A kobold brigand (D:6)
  A scorpion (D:6)
  A centaur zombie (Ossuary)
  4 mummies (Ossuary)
  A kobold (D:6)
  A bush (D:5)
10 creatures vanquished.

Grand Total: 109 creatures vanquished

Notes
Turn   | Place    | Note
-------+----------+-------------------------------------------
     0 | D:1      | FexLirch the Felid Summoner began the quest for the Orb.
     0 | D:1      | Reached XP level 1. HP: 7/7 MP: 4/4
   443 | D:1      | Found a faded altar of an unknown god.
   443 | D:1      | Noticed a quasit
   513 | D:1      | Reached XP level 2. HP: 11/11 MP: 3/6
  1198 | D:1      | Learned a level 2 spell: Call Imp
  1789 | D:2      | Reached XP level 3. HP: 14/14 MP: 2/7
  2054 | D:2      | Reached skill level 5 in Summonings
  2378 | D:3      | Learned a level 3 spell: Call Canine Familiar
  2445 | D:3      | Identified the +1 pair of boots of Elyvilon's Grace {rN+++
                  | Will- Dex-4 Slay+5}
  2500 | D:3      | Found a runed translucent door.
  2503 | D:3      | Noticed cheesebisquit's ghost (amateur MiBe)
  2907 | D:3      | Reached XP level 4. HP: 18/18 MP: 4/8
  3981 | D:4      | Noticed Edmund
  4133 | D:4      | Reached skill level 6 in Summonings
  4133 | D:4      | Reached XP level 5. HP: 21/21 MP: 2/9
  4705 | D:4      | Reached skill level 7 in Summonings
  4705 | D:4      | Gained mutation: You are covered in thick fur. (AC +2)
                  | [Felid growth]
  4705 | D:4      | Reached XP level 6. HP: 22/24 MP: 6/10
  4844 | D:4      | Found a transporter.
  4910 | D:4      | Killed Edmund
  4992 | D:4      | Found Meekhlub's General Store.
  5204 | D:4      | Found a transporter.
  5288 | D:5      | Entered Level 5 of the Dungeon
  5288 | D:5      | Found a blossoming altar of Fedhas.
  5323 | D:4      | Learned a level 3 spell: Summon Guardian Golem
  5564 | D:5      | Reached skill level 1 in Hexes
  5564 | D:5      | Reached skill level 8 in Summonings
  5910 | D:5      | Reached XP level 7. HP: 10/27 MP: 2/11
  6215 | D:5      | Reached skill level 9 in Summonings
  7113 | D:6      | Reached skill level 1 in Air Magic
  7113 | D:6      | Reached XP level 8. HP: 31/31 MP: 0/12
  7129 | D:6      | Noticed a two-headed ogre
  7244 | D:5      | Reached skill level 5 in Hexes
  7371 | D:6      | Found a sand-covered staircase.
  7413 | Ossuary  | Entered an ossuary
  7458 | Ossuary  | Slain by a centaur zombie
  7459 | Ossuary  | Reached XP level 7. HP: 0/27 MP: 8/12
  7501 | D:6      | Noticed a vampire
  7515 | D:6      | HP: 1/27 [centaur/arrow (8)]
  7540 | D:6      | Shot with an arrow by a centaur
  7541 | D:6      | Reached XP level 6. HP: -8/24 MP: 4/11
  7552 | D:6      | Killed from afar by an orc priest

Illustrated notes

Levels and vault maps discovered:
D:1:      dpeg_arrival_shelter, layout_loops_ring,
          dreamdust_ecumenical_altar_sealed_demon
D:2:      layout_basic, columned_hall_lemuel
D:3:      layout_loops_corners, ebering_ghost_sewer_d, hangedman_decor_points,
          guppyfry_early_orc_mine
D:4:      gammafunk_steamed_eel, layout_cave_pools, serial_shops, shop_statue,
          hangedman_decor_riveting, uniq_edmund
D:5:      layout_gridville, fedhas_bush_and_centaur_altar, hex_large,
          lemuel_flame_loot_1
D:6:      layout_basic, enter_ossuary_3

Skill      XL: |  1  2  3  4  5  6  7  8 |
---------------+-------------------------+-----
Stealth        | 3 |  3.0
Dodging        | 3 |  3.0
Summonings     | 5 6 7 8 9 |  9.7
Hexes          | 2 4 5 |  5.5
Air Magic      | 1 |  1.8
Spellcasting   | 3 |  3.0

Action                   |  1- 3 |  4- 6 |  7- 9 || total
-------------------------+-------+-------+-------++-------
Melee: Unarmed           |    32 |    42 |    24 ||    98
       Punch             |     1 |       |       ||     1
       Bite              |       |     8 |     3 ||    11
 Cast: Summon Small Mamm |    45 |    39 |    20 ||   104
       Call Imp          |    13 |    18 |    10 ||    41
       Call Canine Famil |     2 |    19 |    13 ||    34
       Summon Guardian G |       |     5 |     9 ||    14
  Use: Scroll            |       |     6 |     1 ||     7
       Potion            |       |     2 |     4 ||     6
 Stab: Sleeping          |     6 |     2 |     1 ||     9
Armor: Skin              |     3 |     2 |    11 ||    16
Dodge: Dodged            |    32 |    61 |    71 ||   164
